 Dungeon Crawl Stone Soup version 0.29.1-13-g9f3cf754e1 (webtiles) character file.

Game seed: 17346387647541207167

34 Descartes the Trooper (level 3, -5/29 HPs)
             Began as a Demonspawn Monk on Jan 28, 2023.
             Was a Priest of Fedhas.
             Shot with a sling bullet by a goblin (6 damage)
             ... led by Robin
             ... on level 2 of the Dungeon.
             The game lasted 00:01:50 (1524 turns).

Descartes the Trooper (Demonspawn Monk)             Turns: 1524, Time: 00:01:51

Health: -5/29      AC:  2    Str: 13    XL:     3   Next: 14%
Magic:  3/3        EV: 13    Int: 11    God:    Fedhas [***...]
Gold:   94         SH:  0    Dex: 15    Spells: 2/2 levels left

rFire   . . .      SeeInvis .     - Unarmed
rCold   . . .      Faith    .   (no shield)
rNeg    . . .      Spirit   .   a - +0 robe
rPois   .          Reflect  .   (no helmet)
rElec   .          Harm     .   (no cloak)
rCorr   .          Rampage  .   (no gloves)
Will    .....                   (no boots)
Stlth   ++........              (no amulet)
HPRegen 0.09/turn               (no ring)
MPRegen 0.08/turn               (no ring)

@: no status effects
A: weakness stinger 1
a: Renounce Religion, Wall of Briars, Grow Ballistomycete


You were on level 2 of the Dungeon.
You worshipped Fedhas.
Fedhas was most pleased with you.
You visited 1 branch of the dungeon, and saw 2 of its levels.

You collected 94 gold pieces.

Inventory:

Armour
 a - a +0 robe (worn)
Scrolls
 c - 2 scrolls of amnesia {unknown}
 d - a scroll of magic mapping {unknown}
 e - a scroll of butterflies {unknown}
 g - a scroll of teleportation {unknown}
 h - a scroll of noise {unknown}
 j - a scroll of identify {unknown}
 k - a scroll of blinking {unknown}
Potions
 b - a potion of ambrosia
 f - a potion of might {unknown}
 i - a potion of degeneration {unknown}
 l - a potion of brilliance {unknown}
 m - a potion of resistance {unknown}


   Skills:
 + Level 3.4 Fighting
 + Level 3.1 Dodging
 - Level 2.0 Stealth
 + Level 3.1 Unarmed Combat


You had 2 spell levels left.
You didn't know any spells.
Your spell library contained the following spells:

 Spells                   Type           Power      Damage    Failure   Level
 Poisonous Vapours        Pois/Air       0%         N/A       47%         2
 Corpse Rot               Necr/Pois/Air  0%         N/A       98%         4


Dungeon Overview and Level Annotations

Branches:
Dungeon (2/15)

Altars:
Fedhas

Annotations:
D:2 Robin


Innate Abilities, Weirdness & Mutations

You have a small tail.


Message History

You punch the goblin!
You kill the goblin!
Fedhas appreciates your contribution to the ecosystem.
The goblin closely misses you.
Unknown command.
You closely miss the goblin. Robin throws the goblin at you!
The goblin misses you.
The goblin unwields a +0 dagger.
The goblin wields a +0 sling.
The goblin shoots a sling bullet.
The sling bullet hits you.
Unknown command.
You hit the goblin.
You kill the goblin!
Fedhas appreciates your contribution to the ecosystem.
Unknown command.
The goblin unwields a +0 sling.
The goblin wields a +0 dagger.
The goblin hits you with a +0 dagger. The goblin hits you with a +0 club.
Things that are here:
a +0 club; a goblin corpse Unknown command.
You hit the goblin.
The goblin is severely wounded.
The goblin hits you with a +0 dagger. The goblin closely misses you.
Unknown command.
You are too injured to fight recklessly!
Unknown command.
You are too injured to fight recklessly!
You are too injured to fight recklessly!
Unknown command.
The goblin attacks as you move away! The goblin hits you with a +0 dagger.
The goblin attacks as you move away! The goblin hits you with a +0 dagger.
* * * LOW HITPOINT WARNING * * *
The goblin unwields a +0 dagger.
The goblin wields a +0 sling.
The goblin shoots a sling bullet.
The sling bullet hits you but does no damage.
You hear a shout!
The goblin shoots a sling bullet.
The sling bullet hits you.
* * * LOW HITPOINT WARNING * * *
The goblin shoots a sling bullet.
The sling bullet hits you.
You die...
Fedhas appreciates your contribution to the ecosystem.

..# #.# #.# #.# #
#.######.# #.#.#
#........# #.###.#.#
####.##...... #....ggg#
#....†..###.# #g####
#.##........# #).g.#
#.##....###.# ####.#
#.##.##.# #.#
#####@####.##.##.# #.#
#.......##.......###.#
#.###.#.#####........#
#..##.#.# #.##.#####
####...#.#.#####.#...####
+.......................+
####...#.#.#####.#...####
#.......# #.##.## #
#####.### #.#...##


You could see a goblin (strong).

Vanquished Creatures
  2 endoplasms
  2 giant cockroaches (D:1)
  5 goblins
  A hobgoblin (D:1)
  2 quokkas (D:1)
  6 ball pythons (D:1)
  4 bats (D:1)
  4 frilled lizards
  4 kobolds
  6 rats
36 creatures vanquished.

Notes
Turn   | Place    | Note
-------+----------+-------------------------------------------
     0 | D:1      | Descartes the Demonspawn Monk began the quest for the Orb.
     0 | D:1      | Reached XP level 1. HP: 18/18 MP: 1/1
   177 | D:1      | Gained mutation: You have a small tail. [demonic ancestry]
   177 | D:1      | Reached XP level 2. HP: 12/24 MP: 2/2
   449 | D:1      | Found a faded altar of an unknown god.
   504 | D:1      | Prayed at the altar of an unknown god.
   504 | D:1      | Became a worshipper of Fedhas Madash
   504 | D:1      | Reached * piety under Fedhas
   504 | D:1      | Reached ** piety under Fedhas
  1068 | D:2      | Reached *** piety under Fedhas
  1111 | D:2      | Reached XP level 3. HP: 26/29 MP: 3/3
  1510 | D:2      | Noticed Robin
  1521 | D:2      | HP: 1/29 [goblin/sling bullet[Robin] (6)]
  1524 | D:2      | Shot with a sling bullet by a goblin

Illustrated notes

Levels and vault maps discovered:
D:1:      eino_arrival_tree_alley, layout_rooms,
          hellmonk_ecumenical_altar_lost_god
D:2:      layout_loops_corners, uniq_robin, uniq_natasha

Skill      XL: |  1  2 |
---------------+-------+-----
Stealth        | 2 |  2.0
Dodging        | 3 |  3.1
Unarmed Combat | 3 |  3.1
Fighting       | |  3.4

Action                   || total
-------------------------++-------
Melee: Unarmed           ||   124
       Tailslap          ||    13
       Punch             ||     1
 Stab: Sleeping          ||     2
Armor: Robe              ||    24
Dodge: Dodged            ||    86
